 Dungeon Crawl Stone Soup version 0.17-a0-1020-ge683cc4 (webtiles) character file.

538 PhynixH2O the Skirmisher (level 7, -10/55 HPs)
             Began as a Demonspawn Abyssal Knight on May 14, 2015.
             Was a Priest of Lugonu.
             Mangled by an ogre
             ... wielding a +0 giant club
              (17 damage)
             ... on level 6 of the Dungeon.
             The game lasted 00:25:01 (4752 turns).

PhynixH2O the Skirmisher (DsAK)                     Turns: 4752, Time: 00:25:01

Health: -10/55     AC:  6    Str: 20    XL:     7   Next: 5%
Magic:  7/8        EV: 13    Int: 13    God:    Lugonu [***...]
Gold:   279        SH:  0    Dex: 13    Spells: 0 memorised, 6 levels left

rFire  . . .     SeeInvis +     l - +0 long sword
rCold  . . .     Clarity  +     v - +1 leather armour of the Journeyman {*Corrode Str+6 SInv}
rNeg   . . .     SustAb   .     (no shield)
rPois  +         Gourm    .     (no helmet)
rElec  .         Spirit   .     (no cloak)
rCorr  .         Warding  .     (no gloves)
rMut   .         Stasis   .     (no boots)
MR     .....                    d - amulet of clarity
Stlth  +++.......               w - ring of stealth
                                t - ring of poison resistance

@: not resistant to hostile enchantments, fairly stealthy
A: hooves 1, thin metallic scales 1, nightstalker 1, spiny 2
a: Depart the Abyss, Bend Space, Banish, Renounce Religion


You were on level 6 of the Dungeon.
You worshipped Lugonu.
Lugonu was most pleased with you.
You were not hungry.

You visited 1 branch of the dungeon, and saw 6 of its levels.
You visited the Abyss 1 time.

You collected 279 gold pieces.

Inventory:

Hand weapons
 f - a +2 mace of protection
 l - a +0 long sword (weapon)
Armour
 h - a +1 ring mail
 v - the +1 leather armour of the Journeyman (worn) {*Corrode Str+6 SInv}
   (You found it on level 4 of the Dungeon)

   It affects your strength (+6).
   It enhances your eyesight.
   It may corrode your equipment when you take damage.
 B - the +1 leather armour "Wiuk" {-Cast rElec rN+++ Str+4}
   (You found it on level 6 of the Dungeon)

   It affects your strength (+4).
   It insulates you from electricity.
   It renders you almost immune to negative energy.
   It prevents spellcasting.
Jewellery
 d - an amulet of clarity (around neck)
 t - a ring of poison resistance (left hand)
 w - a ring of stealth (right hand)
 x - an uncursed amulet of faith {unknown}
Magical devices
 A - a wand of draining (7)
Scrolls
 m - 4 scrolls of enchant armour
 q - a scroll of identify
 s - 4 scrolls of remove curse
 y - a scroll of enchant weapon {unknown}
Potions
 e - 3 potions of curing {unknown}
 g - a potion of lignification {unknown}
 j - 2 potions of poison {unknown}
 n - a potion of agility {unknown}
 o - a potion of flight {unknown}
 p - a potion of degeneration {unknown}
 r - a potion of resistance {unknown}
 u - a potion of heal wounds {unknown}
Books
 a - a book of Summonings

   Spells                             Type                      Level
   a - Recall                         Summoning/Translocation      3
   b - Aura of Abjuration             Summoning                    5
   c - Shadow Creatures               Summoning                    5
   d - Summon Demon                   Summoning                    5
   e - Summon Forest                  Summoning/Translocation      5
   f - Summon Mana Viper              Hexes/Summoning              5
Comestibles
 b - 4 fruits
 c - 5 bread rations
 i - 3 meat rations
 k - 2 slices of pizza


   Skills:
 + Level 4.4 Fighting
 * Level 3.7 Long Blades
 - Level 0.1 Maces & Flails
 + Level 3.5 Armour
 * Level 3.7 Dodging
 - Level 2.5 Invocations


You had 6 spell levels left.
You didn't know any spells.

Dungeon Overview and Level Annotations

Branches:
Dungeon (6/15)
 Temple: D:4-7

Altars:
Ashenzari
Dithmenos
Okawaru
Qazlal


Innate Abilities, Weirdness & Mutations

You have large cloven feet.
You are partially covered in thin metallic scales (AC +2).
You are slightly more attuned to the shadows.
You are mostly covered in sharp spines.


Message History

The ogre closely misses you.
You hit the ogre. You kick the ogre, but do no damage.
The ogre is lightly wounded.
The ogre is struck by your spines. The ogre hits you with a giant club!!
You barely miss the ogre.
The ogre is heavily wounded.
Use which ability? (? or * to list)
Press: ? - help, Shift-Dir - straight line, f - ogre
Aim: an ogre, wielding a giant club (heavily wounded, chance to defeat MR: 64%)
You fail to use your ability.
The ogre is struck by your spines. The ogre hits you with a giant club!!
Ouch! That really hurt!
* * * LOW HITPOINT WARNING * * *
Evoke which item? (* to show all) (? for menu, Esc to quit)
Okay, then.
Use which ability? (? or * to list) Space bends around you!
You blink.
* * * LOW HITPOINT WARNING * * *
You feel slightly more hungry. The ogre hits you with a giant club!
You die...

#.# #.#
#.# #.#
#.# #.#
#### #.#
#.###...
#.#
#......)
#.#
#####.##
#ยง# #.#
####O####
#.#
#...@...#
#.#
#.##.##.#
#.# #
##.##.#
#..
#..##.#
###
#.###.#
#.#.###.#
#.......#
###.#####
#.#


You could see an ogre.

Vanquished Creatures
  A crimson imp (D:5)
  A hound (D:5)
  2 iguanas
  2 orc wizards (D:3)
  An adder (D:2)
  2 oozes
  2 worms (D:2)
  12 orcs
  A ball python (D:1)
  11 bats
  A bat zombie (D:5)
  4 giant cockroaches
  6 goblins
  9 hobgoblins
  17 jackals
  A quokka (D:3)
  7 giant newts
  A jackal skeleton (D:4)
  10 kobolds
  7 rats
98 creatures vanquished.

Vanquished Creatures (others)
  A phantom (D:5)
  3 ogres
  A wyvern skeleton (D:6)
5 creatures vanquished.

Grand Total: 103 creatures vanquished

Notes
Turn   | Place    | Note
--------------------------------------------------------------
     0 | Abyss:1  | PhynixH2O the Demonspawn Abyssal Knight began the quest for the Orb.
     0 | Abyss:1  | Reached XP level 1. HP: 18/18 MP: 2/2
    36 | D:1      | Escaped the Abyss
    94 | D:1      | Reached skill level 1 in Dodging
   171 | D:1      | Gained mutation: You are partially covered in sharp spines. [demonic ancestry]
   171 | D:1      | Reached XP level 2. HP: 20/24 MP: 3/3
   710 | D:1      | Acquired Lugonu's second power
   798 | D:1      | Gained mutation: You have large cloven feet. [demonic ancestry]
   798 | D:1      | Reached XP level 3. HP: 29/29 MP: 4/4
  1364 | D:2      | Found a shattered altar of Ashenzari.
  1369 | D:2      | Found a shadowy altar of Dithmenos.
  1804 | D:2      | Gained mutation: You are slightly more attuned to the shadows. [demonic ancestry]
  1804 | D:2      | Reached XP level 4. HP: 37/37 MP: 5/5
  2149 | D:3      | Acquired Lugonu's third power
  2370 | D:3      | Reached skill level 4 in Fighting
  2413 | D:3      | Reached XP level 5. HP: 28/42 MP: 6/6
  2485 | D:3      | Found an iron altar of Okawaru.
  2631 | D:3      | Found a stormy altar of Qazlal.
  3429 | D:4      | Got a heavily runed leather armour
  3443 | D:4      | Identified the +1 leather armour of the Journeyman {*Corrode Str+6 SInv} (You found it on level 4 of the Dungeon)
  3561 | D:4      | Noticed an ogre
  3569 | D:4      | Banished an ogre
  3664 | D:5      | Entered Level 5 of the Dungeon
  3731 | D:5      | Gained mutation: You are mostly covered in sharp spines. [demonic ancestry]
  3731 | D:5      | Reached XP level 6. HP: 48/48 MP: 7/7
  3784 | D:5      | Acquired Lugonu's fourth power
  3912 | D:5      | Noticed an ogre
  3926 | D:5      | Banished an ogre
  4310 | D:5      | Noticed a phantom
  4314 | D:5      | Banished a phantom
  4404 | D:5      | Noticed an ogre
  4405 | D:5      | Banished an ogre
  4669 | D:6      | Got an encrusted leather armour
  4671 | D:6      | Identified the +1 leather armour "Wiuk" {-Cast rElec rN+++ Str+4} (You found it on level 6 of the Dungeon)
  4678 | D:6      | Gained mutation: You are partially covered in thin metallic scales (AC +2). [demonic ancestry]
  4678 | D:6      | Reached XP level 7. HP: 55/55 MP: 8/8
  4752 | D:6      | Mangled by an ogre

Vault maps used:
D:1:      dpeg_arrival_pond, minmay_hedge_maze
D:2:      minitemple, kennysheep_another_room
D:3:      lemuel_crystal_altar, overflow_temple_1_default
D:4:      first_bread
D:6:      minmay_ruffians

Action                   |  1- 3 |  4- 6 |  7- 9 || total
-------------------------+-------+-------+-------++-------
Melee: Mace              |    11 |       |       ||    11
       Falchion          |    67 |    56 |       ||   123
       Long sword        |       |    19 |     4 ||    23
Invok: Banish            |       |     4 |     1 ||     5
       Bend Space        |       |       |     1 ||     1
  Use: Scroll            |       |     7 |       ||     7
 Stab: Sleeping          |       |     2 |       ||     2
  Eat: Chunk             |     3 |    10 |       ||    13
